 Dungeon Crawl Stone Soup version 0.27.1-35-g4d5d836560 (webtiles) character file.

Game seed: 12823871064524076106

28 cbfl8 the Slasher (level 2, -3/27 HPs)
             Began as a Minotaur Monk on June 15, 2022.
             Frozen to death by an endoplasm (5 damage)
             ... on level 1 of the Dungeon on June 16, 2022.
             The game lasted 00:01:52 (608 turns).

cbfl8 the Slasher (Minotaur Monk)                    Turns: 608, Time: 00:01:53

Health: -3/27      AC:  3    Str: 15    XL:     2   Next: 96%
Magic:  1/1        EV: 13    Int:  7    God:
Gold:   28         SH:  0    Dex: 12    Spells: 1/1 levels left

rFire    . . .     SeeInvis .   a - +0 falchion
rCold    . . .     Faith    .   (no shield)
rNeg     . . .     Spirit   .   b - +0 robe
rPois    .         Reflect  .   (helmet restricted)
rElec    .         Harm     .   e - +0 cloak
rCorr    .         Rampage  .   (no gloves)
Will     .....                  (no boots)
Stlth    ++........             (no amulet)
HPRegen  0.09/turn              (no ring)
MPRegen  0.07/turn              (no ring)

@: no status effects
A: horns 2, retaliatory headbutt
a: no special abilities


You were on level 1 of the Dungeon.
You visited 1 branch of the dungeon, and saw 1 of its levels.

You collected 28 gold pieces.

Inventory:

Hand Weapons
 a - a +0 falchion (weapon)
Armour
 b - a +0 robe (worn)
 e - a +0 cloak (worn)
Scrolls
 c - a scroll of blinking {unknown}
 d - a scroll of noise {unknown}
Potions
 f - a potion of heal wounds {unknown}


   Skills:
 + Level 4.0 Fighting
 + Level 4.2 Long Blades
 + Level 3.7 Dodging
 + Level 1.7 Stealth


You had one spell level left.
You didn't know any spells.
Your spell library was empty.

Dungeon Overview and Level Annotations

Branches:
Dungeon (1/15)

Altars:


Innate Abilities, Weirdness & Mutations

You have a pair of horns on your head.
You reflexively headbutt those who attack you in melee.


Message History

The quokka bites you.
You hit the quokka but do no damage. The quokka closely misses you.
You riposte.
You barely miss the quokka. Your headbutt misses the quokka.
The endoplasm freezes you.
You are frozen.
The quokka bites you.
You miss the quokka. The endoplasm misses you. You furiously retaliate!
You headbutt the endoplasm. The quokka bites you.
The hobgoblin completely misses you.
You barely miss the quokka. The endoplasm barely misses you.
The quokka misses you. The hobgoblin closely misses you.
The endoplasm freezes you.
You are frozen.
You closely miss the quokka. The quokka barely misses you.
The hobgoblin barely misses you.
You riposte.
You barely miss the hobgoblin. Your headbutt misses the hobgoblin.
The endoplasm freezes you.
You are frozen.
The quokka bites you.
You miss the quokka.
The hobgoblin hits you but does no damage.
The quokka closely misses you.
You riposte.
You barely miss the quokka. The endoplasm freezes you.
You are frozen.
You hit the quokka but do no damage.
You headbutt the quokka, but do no damage.
The hobgoblin hits you. The quokka misses you. You furiously retaliate!
You headbutt the quokka!
You kill the quokka!
The endoplasm hits you but does no damage.
The hobgoblin barely misses you.
You riposte.
You closely miss the hobgoblin. The endoplasm freezes you.
You are frozen.
The hobgoblin closely misses you. The endoplasm freezes you.
You are frozen.
* * * LOW HITPOINT WARNING * * *
The hobgoblin hits you.
* * * LOW HITPOINT WARNING * * *
The endoplasm freezes you.
You are frozen.
You die...

#...
#'########.....#.
..##
#.....'..........
...
#.###.######.....
#.# #.# #.#
####..
#..##.###.# ###
#..'.....#
#..#####+#..
#..g........ ##
#..@........
####.
##.J........
..... #..........
##### #..........
# #.......... #
#.......... #
#..........
#..........


You could see an endoplasm and a hobgoblin.

Vanquished Creatures
  2 dart slugs (D:1)
  4 endoplasms (D:1)
  A giant cockroach (D:1)
  A hobgoblin (D:1)
  2 quokkas (D:1)
  2 ball pythons (D:1)
  3 bats (D:1)
  5 frilled lizards (D:1)
  2 kobolds (D:1)
  2 rats (D:1)
24 creatures vanquished.

Notes
Turn   | Place    | Note
-------+----------+-------------------------------------------
     0 | D:1      | cbfl8 the Minotaur Monk began the quest for the Orb.
     0 | D:1      | Reached XP level 1. HP: 19/19 MP: 0/0
   178 | D:1      | Reached XP level 2. HP: 22/27 MP: 1/1
   608 | D:1      | Frozen to death by an endoplasm

Illustrated notes

Levels and vault maps discovered:
D:1:      denvon_arrival_planthouse, layout_rooms, minmay_misc_feat_alley,
          minmay_misc_feat_encased

Skill      XL: |  1  2 |
---------------+-------+-----
Long Blades    | 4 |  4.2
Fighting       | 4 |  4.0
Dodging        | |  3.7
Stealth        | |  1.7

Action                   || total
-------------------------++-------
Melee: Falchion          ||    41
       Headbutt          ||     8
 Stab: Sleeping          ||     1
Armor: Robe              ||    13
Dodge: Dodged            ||    38
       Rpst.: Falchion   ||     8
